[Event "2nd Cambridge Open 2024"]
[Site "Cambridge"]
[Date "2024.02.23"]
[Round "7.30"]
[White "Blauhut, Holger"]
[Black "Skettos, Nicolas"]
[Result "1/2-1/2"]
[ECO "C01"]
[WhiteElo "2016"]
[BlackElo "1880"]
[Annotator "NA RC"]
[PlyCount "54"]
[EventDate "2024.02.18"]
[EventType "swiss"]
[EventCountry "ENG"]
[SourceTitle "playchess.com"]
[Source "ChessBase"]
[SourceQuality "1"]
[TimeControl "5400+30"]

1. e4 e6 2. d4 d5 3. Bd3 dxe4 4. Bxe4 Nf6 5. Bf3 c5 6. Ne2 Nc6 7. Be3 cxd4 8. Nxd4 Ne5 9. Nc3 a6 10. Qe2 Nxf3+ 11. Nxf3 Bb4 12. Bd4 Bxc3+ 13. Bxc3 O-O 14. O-O b5 15. Rfd1 Qc7 16. Bxf6 gxf6 17. Qe4 Bb7 18. Qg4+ Kh8 19. Qh4 Qxc2 20. Qxf6+ Kg8 21. Ne5 Qf5 22. Qxf5 exf5 23. Rd7 f6 24. Rxb7 fxe5 25. Re1 Rfe8 26. f3 Rac8 27. Re2 e4 1/2-1/2

[Event "2nd Cambridge Open 2024"]
[Site "Cambridge"]
[Date "2024.02.23"]
[Round "7.31"]
[White "Jefremov, Aivar"]
[Black "Mocic, Ivano"]
[Result "1/2-1/2"]
[ECO "D02"]
[WhiteElo "1656"]
[BlackElo "2008"]
[Annotator "NA RC"]
[PlyCount "80"]
[EventDate "2024.02.18"]
[EventType "swiss"]
[EventCountry "ENG"]
[SourceTitle "playchess.com"]
[Source "ChessBase"]
[SourceQuality "1"]
[TimeControl "5400+30"]

1. d4 Nf6 2. Nf3 e6 3. Bf4 d5 4. e3 c5 5. c3 Qb6 6. Qb3 c4 7. Qc2 Bd6 8. Bg3 Nbd7 9. Nbd2 O-O 10. Be2 Qc7 11. e4 dxe4 12. Bxd6 Qxd6 13. Nxe4 Nxe4 14. Qxe4 Nf6 15. Qe5 Qb6 16. Rb1 Qc6 17. O-O b5 18. Nd2 Bb7 19. Bf3 Qd7 20. Bxb7 Qxb7 21. f3 Qd5 22. Rfe1 Rfe8 23. Ne4 Qxe5 24. dxe5 Nxe4 25. Rxe4 Red8 26. Rd4 Rxd4 27. cxd4 Kf8 28. Kf2 Ke7 29. b3 c3 30. b4 a5 31. bxa5 Rxa5 32. a3 c2 33. Rc1 Rxa3 34. Rxc2 b4 35. Rb2 b3 36. Ke3 Ra2 37. Rxb3 g5 38. g4 Rxh2 39. Rb7+ Ke8 40. Rb8+ Ke7 1/2-1/2

[Event "2nd Cambridge Open 2024"]
[Site "Cambridge"]
[Date "2024.02.23"]
[Round "7.32"]
[White "Hutchinson, Paul A"]
[Black "Evans, Ruben"]
[Result "1-0"]
[ECO "D00"]
[WhiteElo "2013"]
[BlackElo "1647"]
[Annotator "NA RC"]
[PlyCount "83"]
[EventDate "2024.02.18"]
[EventType "swiss"]
[EventCountry "ENG"]
[SourceTitle "playchess.com"]
[Source "ChessBase"]
[SourceQuality "1"]
[TimeControl "5400+30"]

1. d4 Nf6 2. Nc3 d5 3. Bf4 c5 4. e3 a6 5. Nf3 Bg4 6. Be2 Nc6 7. h3 Bxf3 8. Bxf3 e6 9. O-O cxd4 10. exd4 Bd6 11. Qd2 O-O 12. Rfe1 Rc8 13. Rad1 Qc7 14. Bxd6 Qxd6 15. Ne2 b5 16. a3 a5 17. Ra1 Rb8 18. c3 a4 19. Rad1 Na5 20. Qc1 Nd7 21. Nf4 Nc4 22. Re2 Rbc8 23. Rde1 Na5 24. Nd3 Nb3 25. Qg5 h6 26. Qh4 Rce8 27. g4 Nb6 28. Bg2 Qd8 29. Qg3 Qb8 30. f4 Nc4 31. g5 hxg5 32. Qxg5 Nb6 33. Qg3 Na5 34. Ne5 Nac4 35. Ng4 Qd8 36. f5 Nd6 37. f6 g6 38. Nh6+ Kh7 39. Qh4 g5 40. Qxg5 Rg8 41. Nxg8 Rxg8 42. Qh5# 1-0

[Event "2nd Cambridge Open 2024"]
[Site "Cambridge"]
[Date "2024.02.23"]
[Round "7.33"]
[White "Kovalskyi, Roman"]
[Black "Gardiner, Eric D"]
[Result "1-0"]
[ECO "B13"]
[WhiteElo "2009"]
[BlackElo "1837"]
[Annotator "RC"]
[PlyCount "73"]
[EventDate "2024.02.18"]
[EventType "swiss"]
[EventCountry "ENG"]
[SourceTitle "playchess.com"]
[Source "ChessBase"]
[SourceQuality "1"]
[TimeControl "5400+30"]

1. e4 c6 2. d4 d5 3. exd5 cxd5 4. Bd3 Nc6 5. c3 Nf6 6. h3 e5 7. dxe5 Nxe5 8. Nf3 Nxd3+ 9. Qxd3 Bd6 10. O-O O-O 11. Be3 Re8 12. Nbd2 h6 13. Rfe1 Ne4 14. Rad1 Bf5 15. Nf1 Qf6 16. Bd4 Qd8 17. Ne3 Bg6 18. Qb5 Ng5 19. Nxg5 Qxg5 20. Qxd5 Qe7 21. Bf6 Qxf6 22. Qxd6 Re6 23. Qd4 Qe7 24. Qd7 Re8 25. Qxe7 R8xe7 26. Rd8+ Kh7 27. Red1 Be4 28. R1d7 Bc6 29. Rxe7 Rxe7 30. Kf1 Kg6 31. g3 Bf3 32. Ke1 f5 33. Kd2 Kf7 34. c4 Ke6 35. Nxf5 Kxf5 36. Rf8+ Ke5 37. Rxf3 1-0

[Event "2nd Cambridge Open 2024"]
[Site "Cambridge"]
[Date "2024.02.23"]
[Round "7.34"]
[White "Cole, James"]
[Black "Hebden, Mark L"]
[Result "1/2-1/2"]
[ECO "C86"]
[WhiteElo "1940"]
[BlackElo "2416"]
[Annotator "RC"]
[PlyCount "90"]
[EventDate "2024.02.18"]
[EventType "swiss"]
[EventCountry "ENG"]
[SourceTitle "playchess.com"]
[Source "ChessBase"]
[SourceQuality "1"]
[TimeControl "5400+30"]

1. e4 e5 2. Nf3 Nc6 3. Bb5 a6 4. Ba4 Nf6 5. Qe2 b5 6. Bb3 Be7 7. O-O O-O 8. c3 d5 9. d3 Re8 10. Re1 Bb7 11. Nbd2 Bf8 12. a3 Qd7 13. exd5 Na5 14. Ba2 Bxd5 15. Bxd5 Qxd5 16. b4 Nb7 17. c4 Qd8 18. Bb2 c5 19. cxb5 axb5 20. Nxe5 cxb4 21. axb4 Bxb4 22. Rxa8 Qxa8 23. Ra1 Qd8 24. Ne4 Na5 25. Qf3 h5 26. Rd1 Be7 27. h3 b4 28. d4 Rf8 29. d5 Nxe4 30. Qxe4 Qd6 31. Rd3 Bf6 32. Nc4 Nxc4 33. Bxf6 Qxf6 34. Qxc4 Ra8 35. Rd1 Ra1 36. Qc8+ Kh7 37. Qc2+ g6 38. d6 Qc3 39. Qe2 Qd4 40. Rxa1 Qxa1+ 41. Kh2 Qd4 42. Qe7 Qf4+ 43. Kg1 b3 44. Qb7 Qc1+ 45. Kh2 Qf4+ 1/2-1/2

[Event "2nd Cambridge Open 2024"]
[Site "Cambridge"]
[Date "2024.02.23"]
[Round "7.35"]
[White "Bradbury, Neil H"]
[Black "Wheatley, Wilfred"]
[Result "1/2-1/2"]
[ECO "D74"]
[WhiteElo "2217"]
[BlackElo "1864"]
[Annotator "RC"]
[PlyCount "126"]
[EventDate "2024.02.18"]
[EventType "swiss"]
[EventCountry "ENG"]
[SourceTitle "playchess.com"]
[Source "ChessBase"]
[SourceQuality "1"]
[TimeControl "5400+30"]

1. d4 Nf6 2. c4 g6 3. Nf3 Bg7 4. g3 O-O 5. Bg2 d5 6. cxd5 Nxd5 7. O-O Nc6 8. e4 Nb6 9. d5 Na5 10. Qe1 Nac4 11. Nc3 c6 12. b3 Ne5 13. Nxe5 Bxe5 14. Bh6 Bg7 15. Bxg7 Kxg7 16. dxc6 bxc6 17. Qe3 e5 18. Rfd1 Qe7 19. Rd2 Be6 20. Rad1 Rfd8 21. h3 Rxd2 22. Qxd2 Rc8 23. Ne2 c5 24. Qb2 f6 25. Qa3 Kf8 26. Nc3 Rc7 27. Qa5 c4 28. b4 Rd7 29. Rc1 Rd2 30. Nb5 Nc8 31. Nc7 Qd6 32. Bf1 Bf7 33. Nb5 Qb6 34. Qxb6 Nxb6 35. a4 Rb2 36. a5 Rxb4 37. Nd6 Nd7 38. Nxf7 Kxf7 39. Bxc4+ Ke7 40. Bg8 Ra4 41. Bxh7 Rxa5 42. Bxg6 Rc5 43. Ra1 a5 44. h4 Nf8 45. Bf5 Ne6 46. h5 Nd4 47. Kg2 Kf8 48. h6 Nxf5 49. exf5 Kg8 50. Rb1 a4 51. Rb8+ Kh7 52. Ra8 Kxh6 53. Rxa4 Kg5 54. g4 Rc3 55. Re4 Rd3 56. f3 Kh4 57. Re2 Ra3 58. Kf2 Rb3 59. Ra2 e4 60. fxe4 Kxg4 61. Re2 Ra3 62. Re3 Ra2+ 63. Re2 Ra3 1/2-1/2

[Event "2nd Cambridge Open 2024"]
[Site "Cambridge"]
[Date "2024.02.23"]
[Round "7.37"]
[White "Mihalik, Agoston"]
[Black "Lazarus, Simon E"]
[Result "1/2-1/2"]
[ECO "B31"]
[WhiteElo "2146"]
[BlackElo "1845"]
[Annotator "NA"]
[PlyCount "240"]
[EventDate "2024.02.18"]
[EventType "swiss"]
[EventCountry "ENG"]
[SourceTitle "playchess.com"]
[Source "ChessBase"]
[SourceQuality "1"]
[TimeControl "5400+30"]

1. e4 c5 2. Nf3 Nc6 3. Bb5 g6 4. O-O Bg7 5. c3 Nf6 6. Re1 O-O 7. d4 d5 8. e5 Ne4 9. Bxc6 bxc6 10. Be3 {[%emt 0:00:13] B31: Sicilian: 2...Nc6 3 Bb5 g6.} cxd4 11. cxd4 Qb6 12. Qc1 Rb8 13. b3 f6 14. Nc3 Nxc3 15. Qxc3 Bg4 16. exf6 exf6 17. Bf4 Rbc8 18. Bd6 Rfe8 19. Rac1 Bxf3 20. gxf3 f5 21. Rxe8+ Rxe8 22. Be5 Re6 23. f4 Bf8 24. Rc2 a5 25. Re2 Qb4 26. Qc2 Qb5 27. Re3 Kf7 28. Kg2 Bb4 29. Rh3 Kg8 30. Rg3 Kf7 31. Qd1 Be7 32. Rh3 h5 33. Rg3 Bh4 34. Re3 Be7 35. Kf3 Bb4 36. Qc1 Qb7 37. Kg3 Qe7 38. Qd1 Qb7 39. Kg2 Qd7 40. Rg3 Be7 41. Qe2 Qb7 42. Re3 Bb4 43. Qc2 Bf8 44. Rg3 Qb5 45. Re3 Bb4 46. Qc1 Bf8 47. a3 Be7 48. Kf3 Bf8 49. Rc3 Be7 50. Ke3 Bf8 51. a4 Qb7 52. Rd3 Bb4 53. Kf3 Qd7 54. Kg2 Re8 55. Re3 Re6 56. Qd1 Bf8 57. Rg3 Qb7 58. Qe2 Be7 59. Re3 Bb4 60. Kg3 Bf8 61. Kh3 Bb4 62. Kg2 Bf8 63. Bh8 Rxe3 64. Qxe3 Qe7 65. Be5 Qb7 66. Qc3 Bb4 67. Qd3 Bf8 68. Qe3 Bb4 69. Qg3 Be7 70. Qd3 Bb4 71. Bh8 Qe7 72. Be5 Qb7 73. Qe3 Qc8 74. Kg3 Be7 75. Kf3 Bb4 76. Ke2 Be7 77. Kd2 Bb4+ 78. Kc2 Be7 79. Bg7 Qe6 (79... Qa6 $5) 80. Be5 Qc8 81. Qd3 Bb4 82. Kd1 Bf8 83. Qe3 Bb4 84. Ke2 Qe6 85. Bc7 $11 Qe4 86. Bb6 Qc2+ 87. Kf3 Qd1+ 88. Kg2 Qg4+ 89. Qg3 Qxg3+ 90. fxg3 Ke6 91. Kf3 Kf7 92. Ke3 Ke6 93. Kd3 Kd6 94. Bd8 Kd7 95. Bb6 Kd6 96. Ke3 Ke6 97. h3 Kd6 98. Bd8 Ke6 99. Kf3 Bc3 100. Bb6 Bb4 101. g4 hxg4+ 102. hxg4 Bd2 103. Bc5 fxg4+ 104. Kxg4 Bc3 105. Kg5 Kf7 106. Bb6 Bd2 107. Bc7 Bc3 108. Be5 Bd2 109. Bc7 Bc3 110. f5 gxf5 111. Kxf5 Bxd4 112. Bxa5 Ke7 113. Bd2 Kd7 114. b4 Bf2 115. Bc3 Bh4 116. Bd2 Be7 117. b5 cxb5 118. axb5 d4 119. Ke5 Bc5 120. Kd5 Bb6 1/2-1/2

[Event "2nd Cambridge Open 2024"]
[Site "Cambridge"]
[Date "2024.02.23"]
[Round "7.38"]
[White "Gooding, Ian"]
[Black "Banerjee, Supratit"]
[Result "0-1"]
[ECO "C10"]
[WhiteElo "1923"]
[BlackElo "1984"]
[Annotator "NA RC"]
[PlyCount "90"]
[EventDate "2024.02.18"]
[EventType "swiss"]
[EventCountry "ENG"]
[SourceTitle "playchess.com"]
[Source "ChessBase"]
[SourceQuality "1"]
[TimeControl "5400+30"]

1. e4 e6 2. d4 d5 3. Nc3 dxe4 4. Nxe4 Nd7 5. Nf3 Ngf6 6. Nc3 Bb4 7. a3 Be7 8. Be3 O-O 9. Be2 Nb6 10. O-O Nbd5 11. Nxd5 Nxd5 12. Bc1 c5 13. c4 Nf6 14. dxc5 Bxc5 15. b4 Be7 16. Bb2 b6 17. Ne5 Bb7 18. Bf3 Qc7 19. Qe2 Rad8 20. Rfd1 Bd6 21. Bxb7 Qxb7 22. Rac1 a6 23. Ba1 a5 24. c5 bxc5 25. bxc5 Bxe5 26. Bxe5 Nd5 27. c6 Qe7 28. a4 Qg5 29. c7 Rc8 30. Bd6 Rfe8 31. Qb5 h6 32. Qxa5 f5 33. Qe1 Qg6 34. f4 Qf7 35. Qe5 Qd7 36. a5 Qb5 37. Rc5 Qa6 38. Re1 Nf6 39. Qe2 Qxd6 40. Qc4 Ne4 41. Rxf5 Nd2 42. Qa2 Qd4+ 43. Kh1 Ne4 44. h3 Ng3+ 45. Kh2 Nxf5 0-1

[Event "2nd Cambridge Open 2024"]
[Site "Cambridge"]
[Date "2024.02.23"]
[Round "7.39"]
[White "Yu, Rock"]
[Black "Crocker, Philip J"]
[Result "1/2-1/2"]
[ECO "C44"]
[WhiteElo "1767"]
[BlackElo "2137"]
[Annotator "RC"]
[PlyCount "50"]
[EventDate "2024.02.18"]
[EventType "swiss"]
[EventCountry "ENG"]
[SourceTitle "playchess.com"]
[Source "ChessBase"]
[SourceQuality "1"]
[TimeControl "5400+30"]

1. e4 e5 2. Nf3 Nc6 3. c3 d5 4. Qa4 f6 5. d3 Nge7 6. b4 Be6 7. b5 Nb8 8. Nbd2 Nd7 9. Qc2 g5 10. h3 Ng6 11. exd5 Bxd5 12. g3 Be7 13. c4 Bxf3 14. Nxf3 Nc5 15. Be3 Ne6 16. Bg2 Bb4+ 17. Bd2 Bxd2+ 18. Qxd2 Qd6 19. Qe3 Rd8 20. O-O-O Qa3+ 21. Kb1 Qb4+ 22. Ka1 Qc3+ 23. Kb1 Qb4+ 24. Ka1 Qc3+ 25. Kb1 Qb4+ 1/2-1/2

[Event "2nd Cambridge Open 2024"]
[Site "Cambridge"]
[Date "2024.02.23"]
[Round "7.40"]
[White "Pert, Max"]
[Black "Spanton, Tim R"]
[Result "1-0"]
[ECO "D00"]
[WhiteElo "1950"]
[BlackElo "1736"]
[Annotator "NA RC"]
[PlyCount "73"]
[EventDate "2024.02.18"]
[EventType "swiss"]
[EventCountry "ENG"]
[SourceTitle "playchess.com"]
[Source "ChessBase"]
[SourceQuality "1"]
[TimeControl "5400+30"]

1. d4 d5 2. Nc3 Nf6 3. Bf4 a6 4. e3 Bf5 5. f3 e6 6. g4 Bg6 7. h4 h6 8. Bd3 Bh7 9. Nge2 c5 10. Bxh7 Nxh7 11. Qd2 Nc6 12. dxc5 Bxc5 13. O-O-O Qe7 14. Nd4 Nxd4 15. exd4 Bb4 16. Qe3 Bd6 17. Rde1 Bxf4 18. Qxf4 O-O-O 19. Qe5 Qf6 20. f4 Rd7 21. f5 Qxe5 22. Rxe5 Nf6 23. fxe6 fxe6 24. Rg1 Rd6 25. g5 Nd7 26. Re3 hxg5 27. hxg5 Rh4 28. Ne2 Kd8 29. b3 Rc6 30. Rf1 Rg4 31. Nf4 e5 32. dxe5 Rxg5 33. e6 Nf6 34. e7+ Kd7 35. Nh3 Rg2 36. Rxf6 Rgxc2+ 37. Kb1 1-0

[Event "2nd Cambridge Open 2024"]
[Site "Cambridge"]
[Date "2024.02.23"]
[Round "7.41"]
[White "De Coverly, Roger D"]
[Black "Homer, Stephen J"]
[Result "0-1"]
[ECO "B94"]
[WhiteElo "1893"]
[BlackElo "2045"]
[Annotator "RC"]
[PlyCount "60"]
[EventDate "2024.02.18"]
[EventType "swiss"]
[EventCountry "ENG"]
[SourceTitle "playchess.com"]
[Source "ChessBase"]
[SourceQuality "1"]
[TimeControl "5400+30"]

1. e4 c5 2. Nf3 d6 3. d4 cxd4 4. Nxd4 Nf6 5. Nc3 a6 6. Bg5 Nbd7 7. Qe2 h6 8. Be3 b5 9. a3 g6 10. f3 Bg7 11. O-O-O Bb7 12. Nb3 Qc7 13. g3 Ne5 14. Nd5 Bxd5 15. exd5 Rc8 16. Bh3 Rb8 17. Kb1 O-O 18. Rhe1 a5 19. f4 Nc4 20. Bc1 Rb7 21. Bg2 a4 22. Nd4 Qc5 23. Nc6 b4 24. axb4 Rxb4 25. Nxb4 Qxb4 26. c3 Qb3 27. Rd2 Rb8 28. Qd1 Qxc3 29. Ka1 Qb4 30. Re4 Nxe4 0-1

[Event "2nd Cambridge Open 2024"]
[Site "Cambridge"]
[Date "2024.02.23"]
[Round "7.42"]
[White "Pert, Nina"]
[Black "Woods, Yannick"]
[Result "0-1"]
[ECO "C54"]
[WhiteElo "1968"]
[BlackElo "1856"]
[Annotator "RC"]
[PlyCount "112"]
[EventDate "2024.02.18"]
[EventType "swiss"]
[EventCountry "ENG"]
[SourceTitle "playchess.com"]
[Source "ChessBase"]
[SourceQuality "1"]
[TimeControl "5400+30"]

1. e4 e5 2. Nf3 Nc6 3. Bc4 Bc5 4. c3 Nf6 5. d4 exd4 6. cxd4 Bb4+ 7. Nc3 Nxe4 8. O-O Bxc3 9. d5 Bf6 10. Re1 Ne7 11. Rxe4 d6 12. Bg5 Bxg5 13. Nxg5 h6 14. Qe2 hxg5 15. Re1 Be6 16. dxe6 f6 17. Re3 c6 18. Rb3 Qc7 19. h3 g6 20. Bd3 Kf8 21. Bc2 d5 22. Qf3 Kg7 23. Ra3 Rh4 24. Qd1 Rah8 25. Rg3 Qd6 26. Qe2 Re8 27. Qe3 Qf4 28. Qe2 a6 29. Rb3 Qc7 30. Qd2 c5 31. Rd3 g4 32. Rg3 gxh3 33. gxh3 Qf4 34. Qd3 c4 35. Qc3 Qd4 36. Qb4 Rf4 37. Ree3 b5 38. a4 Qb6 39. Qd2 d4 40. Re1 Rh4 41. a5 Qd6 42. Be4 f5 43. Bg2 Qf4 44. Qb4 Rh5 45. Rd1 d3 46. Qc5 Rg5 47. Re3 Qh4 48. Qd6 f4 49. Rf3 Nd5 50. Qxa6 Re5 51. Qxb5 R8xe6 52. Qxc4 Re1+ 53. Rxe1 Rxe1+ 54. Kh2 d2 55. Qd4+ Nf6 56. Qxd2 Ng4# 0-1

[Event "2nd Cambridge Open 2024"]
[Site "Cambridge"]
[Date "2024.02.23"]
[Round "7.43"]
[White "Sasikumar, Srivathsan"]
[Black "Volovich, Julia"]
[Result "1-0"]
[ECO "C01"]
[WhiteElo "1696"]
[BlackElo "1983"]
[Annotator "RC"]
[PlyCount "127"]
[EventDate "2024.02.18"]
[EventType "swiss"]
[EventCountry "ENG"]
[SourceTitle "playchess.com"]
[Source "ChessBase"]
[SourceQuality "1"]
[TimeControl "5400+30"]

1. e4 e6 2. d4 d5 3. Be3 dxe4 4. Nd2 Nf6 5. c3 b6 6. g3 c5 7. Bg2 Bb7 8. Qc2 cxd4 9. Bxd4 Nc6 10. Bxf6 gxf6 11. Nxe4 Be7 12. Ne2 f5 13. Nd2 Qc7 14. O-O-O O-O-O 15. Nb3 Kb8 16. Rhg1 Rxd1+ 17. Qxd1 Rd8 18. Qc2 Ne5 19. Bxb7 Qxb7 20. Ned4 a5 21. Re1 Nc4 22. Nd2 Qd5 23. Nxc4 Qxc4 24. b3 Qd5 25. Kb2 Bf6 26. Ne2 Qf3 27. Nf4 Rc8 28. Re3 Qc6 29. Qd2 b5 30. Kc2 Qc5 31. Ne2 b4 32. c4 Rd8 33. Rd3 Rxd3 34. Qxd3 Kc7 35. Qe3 Qxe3 36. fxe3 e5 37. Kd3 Bg5 38. Ng1 Kd6 39. h3 h5 40. h4 Bd8 41. Nh3 Bc7 42. e4 fxe4+ 43. Kxe4 Ke6 44. Ng5+ Kf6 45. c5 Kg6 46. Kd5 f5 47. Ne6 Bb8 48. c6 e4 49. c7 Bxc7 50. Nxc7 f4 51. Kxe4 fxg3 52. Kf3 Kf5 53. Nd5 Ke5 54. Ne3 Kd4 55. Nc4 a4 56. Kxg3 Kc3 57. Na5 Kb2 58. bxa4 Kxa2 59. Kf3 Ka3 60. Nc4+ Kxa4 61. Nd2 Kb5 62. Kf4 Kc5 63. Ke5 Kb5 64. Kd5 1-0

[Event "2nd Cambridge Open 2024"]
[Site "Cambridge"]
[Date "2024.02.23"]
[Round "7.45"]
[White "Reynolds, D Ian W"]
[Black "Wynarczyk, Raymond"]
[Result "1/2-1/2"]
[ECO "C41"]
[WhiteElo "1960"]
[BlackElo "1703"]
[Annotator "NA RC"]
[PlyCount "35"]
[EventDate "2024.02.18"]
[EventType "swiss"]
[EventCountry "ENG"]
[SourceTitle "playchess.com"]
[Source "ChessBase"]
[SourceQuality "1"]
[TimeControl "5400+30"]

1. e4 d6 2. d4 Nf6 3. Nc3 Nbd7 4. Nf3 e5 5. Be2 Be7 6. O-O O-O 7. Re1 c6 8. a4 b6 9. Bf1 Qc7 10. Bg5 Re8 11. Qd3 exd4 12. Qxd4 Ne5 13. Nxe5 dxe5 14. Qe3 Ng4 15. Qc1 Bxg5 16. Qxg5 Qd8 17. Qxd8 Rxd8 18. Rad1 1/2-1/2

[Event "2nd Cambridge Open 2024"]
[Site "Cambridge"]
[Date "2024.02.23"]
[Round "7.46"]
[White "Prince, Alan R"]
[Black "Mata, Adilson"]
[Result "0-1"]
[ECO "C00"]
[WhiteElo "1652"]
[BlackElo "1924"]
[Annotator "RC"]
[PlyCount "106"]
[EventDate "2024.02.18"]
[EventType "swiss"]
[EventCountry "ENG"]
[SourceTitle "playchess.com"]
[Source "ChessBase"]
[SourceQuality "1"]
[TimeControl "5400+30"]

1. Nf3 d5 2. g3 Nf6 3. Bg2 e6 4. d3 c5 5. Nbd2 Nc6 6. O-O Be7 7. e4 O-O 8. Re1 d4 9. e5 Nd7 10. h4 Qc7 11. Qe2 Rb8 12. Nf1 b5 13. Bf4 Nb6 14. Ng5 h6 15. Ne4 Nd5 16. Nf6+ Bxf6 17. Bxd5 Bd8 18. Be4 Nb4 19. a3 Nc6 20. Bg2 Bb7 21. Qg4 Kh8 22. Qh5 Ne7 23. Be4 Bxe4 24. Rxe4 Nf5 25. Nh2 a5 26. Qe2 a4 27. Ng4 Be7 28. Kg2 Rfc8 29. Rh1 c4 30. Nxh6 Nxh6 31. Qh5 Bf8 32. g4 g6 33. Qg5 Qd8 34. h5 Qxg5 35. Bxg5 Kh7 36. hxg6+ Kxg6 37. Bf6 c3 38. bxc3 Rxc3 39. Rh5 Rxc2 40. Rg5+ Kh7 41. Rh5 Kg6 42. Rg5+ Kh7 43. Rh5 Bg7 44. g5 Kg6 45. Bxg7 Kxh5 46. gxh6 Kg6 47. Rg4+ Kh7 48. Rxd4 b4 49. axb4 a3 50. b5 Ra8 51. Rd7 a2 52. Rxf7 a1=Q 53. Bf6+ Kxh6 0-1

[Event "2nd Cambridge Open 2024"]
[Site "Cambridge"]
[Date "2024.02.23"]
[Round "7.47"]
[White "OShea, Colm"]
[Black "Simpson, Ben"]
[Result "0-1"]
[ECO "C54"]
[WhiteElo "1729"]
[BlackElo "1873"]
[Annotator "NA RC"]
[PlyCount "70"]
[EventDate "2024.02.18"]
[EventType "swiss"]
[EventCountry "ENG"]
[SourceTitle "playchess.com"]
[Source "ChessBase"]
[SourceQuality "1"]
[TimeControl "5400+30"]

1. e4 e5 2. Nf3 Nc6 3. Bc4 Bc5 4. c3 Nf6 5. d3 a5 6. O-O d6 7. Re1 Ba7 8. Nbd2 Ne7 9. Nf1 Ng6 10. d4 O-O 11. h3 c6 12. Bb3 h6 13. Ng3 Be6 14. Bxe6 fxe6 15. Qb3 Qd7 16. dxe5 a4 17. Qc2 dxe5 18. Be3 Qc7 19. Bxa7 Rxa7 20. Rad1 Qa5 21. Re3 Nf4 22. c4 g5 23. c5 g4 24. hxg4 Nxg4 25. Ra3 b5 26. cxb6 Qxb6 27. Rd2 Rg7 28. Ne1 h5 29. Rf3 h4 30. Nf1 h3 31. g3 Qb5 32. Nh2 Nxh2 33. Kxh2 Qf1 34. Rd1 Ne2 35. Rxf8+ Kh7 0-1

[Event "2nd Cambridge Open 2024"]
[Site "Cambridge"]
[Date "2024.02.24"]
[Round "8.1"]
[White "Tiviakov, Sergei"]
[Black "Haubro, Martin"]
[Result "0-1"]
[ECO "B91"]
[WhiteElo "2537"]
[BlackElo "2418"]
[Annotator "RC"]
[PlyCount "108"]
[EventDate "2024.02.18"]
[EventType "swiss"]
[EventCountry "ENG"]
[SourceTitle "playchess.com"]
[Source "ChessBase"]
[SourceQuality "1"]
[TimeControl "5400+30"]

1. e4 c5 2. Nc3 a6 3. Nge2 d6 4. g3 g6 5. Bg2 Bg7 6. d4 cxd4 7. Nxd4 Nf6 8. O-O O-O 9. b3 Bd7 10. Bb2 Nc6 11. Nde2 Rc8 12. Rb1 Qa5 13. Nd5 Nxd5 14. exd5 Ne5 15. a4 Ng4 16. Nd4 b5 17. axb5 axb5 18. h3 Nf6 19. Re1 Rfe8 20. Nc6 Bxc6 21. dxc6 Nh5 22. c4 b4 23. Ra1 Qc5 24. Bxg7 Nxg7 25. Qd5 Ne6 26. Ra5 Qb6 27. Rb5 Qd4 28. Rxe6 Qa1+ 29. Kh2 fxe6 30. Qxe6+ Kg7 31. Rxb4 Qf6 32. Qxf6+ Kxf6 33. Rb7 Ke5 34. g4 h6 35. Kg3 g5 36. Rb5+ Kd4 37. h4 gxh4+ 38. Kxh4 Rf8 39. Kg3 Rb8 40. c7 Rbc8 41. Rb7 e6 42. Rb6 Ke5 43. Rc6 Rf7 44. f3 Rd7 45. f4+ Kf6 46. f5 exf5 47. c5 Rcxc7 48. Rxc7 Rxc7 49. c6 fxg4 50. b4 Ke5 51. b5 d5 52. Kxg4 Kd6 53. Kh5 d4 54. b6 Rxc6 0-1

[Event "2nd Cambridge Open 2024"]
[Site "Cambridge"]
[Date "2024.02.24"]
[Round "8.2"]
[White "Adams, Michael"]
[Black "Fernandez, Daniel Howard"]
[Result "1-0"]
[ECO "B12"]
[WhiteElo "2674"]
[BlackElo "2525"]
[Annotator "TA"]
[PlyCount "71"]
[EventDate "2024.02.18"]
[EventType "swiss"]
[EventCountry "ENG"]
[SourceTitle "playchess.com"]
[Source "ChessBase"]
[SourceQuality "1"]
[TimeControl "5400+30"]

1. e4 c6 2. d4 d5 3. e5 Bf5 4. Nf3 e6 5. Be2 c5 6. O-O Nc6 7. c3 a6 8. Be3 Qb6 9. Qd2 Bg4 {[%emt 0:04:09] The position is equal.} 10. Rd1 h5 11. c4 {[%emt 0:09:57] Strongly threatening cxd5.} dxc4 {[%emt 0:04:42] [#]} ({Better is} 11... cxd4 $14 12. Nxd4 Bxe2 13. Nxe2 Bc5) 12. Na3 $1 $16 Qa5 (12... Qc7 $16) 13. dxc5 $18 (13. Nxc4 $6 Qxd2 14. Rxd2 cxd4 15. Bxd4 (15. Nxd4 Bxe2 16. Rxe2 Nxd4 $16) 15... O-O-O $16) 13... Qxd2 14. Rxd2 c3 (14... Rd8 $142) 15. bxc3 {[%emt 0:00:25] Nc4 would now be deadly.} Nge7 16. Nc4 {[%emt 0:03:11] Nd6+ is the strong threat.} Nd5 17. Bd4 f6 (17... h4 {was called for.} 18. h3 Bh5 19. Nd6+ (19. Nxh4 $2 Bxe2 $19) 19... Bxd6 20. exd6 (20. cxd6 Kd7 $18) 20... O-O-O) 18. h3 Bf5 19. Re1 h4 20. Bd1 Be7 21. Bb3 Kf7 22. Nd6+ Bxd6 23. cxd6 (23. exd6 Rab8 24. Bxd5 exd5 $18) 23... Rad8 24. Bxd5 (24. c4 $142 Nf4 25. Bb6) 24... exd5 {[%emt 0:00:03] Black is weak on the dark squares} 25. Bb6 Rd7 26. exf6 ({Don't take} 26. Rxd5 Be6 27. Rd2 Rh5 $18) 26... gxf6 27. Rxd5 Be6 28. Rd2 Rh5 29. Bc7 b5 30. a3 Rc5 31. Nd4 (31. Nxh4 $6 Rxc3 32. Rde2 Nd4 $18) 31... Nxd4 32. Rxd4 Rxc3 33. Rde4 ({Resist} 33. Rxh4 Bf5 34. Rf4 Bg6) 33... Bf5 34. Re7+ (34. Rxh4 Rxa3 35. Rf4 Kg6 $18) 34... Kf8 {[%emt 0:00:02] [#]} 35. Re8+ Kf7 36. R1e7+ {[%emt 0:00:24] Black did not feel at home in the position after the opening.   Weighted Error Value: White=0.13 (very precise) /Black=0.23 (precise) .  Mistake:       	White=1     	Black=4      Inaccurate:     	White=1     	Black=2      OK:         	White=16    	Black=8      Best:        	White=2     	Black=1      Strong:       	White=1     	---} 1-0